 Dungeon Sprint DCSS version 0.20-a0-269-g17f5411 (webtiles) character file.

9659 Faca the Bludgeoner (level 11, -2/98 HPs)
             Began as a Formicid Fighter on Dec 9, 2016.
             Was a High Priest of Okawaru.
             Killed by divine providence
             ... invoked by an orc high priest
              (8 damage)
             ... in the Dungeon (Sprint IX: "|||||||||||||||||||||||||||||").
             The game lasted 00:09:55 (2283 turns).

Faca the Bludgeoner (Formicid Fighter)              Turns: 2283, Time: 00:09:57

Health: -2/98      AC: 35    Str: 24    XL:     11   Next: 78%
Magic:  11/11      EV: 11    Int:  7    God:    Okawaru [*****.]
Gold:   1500       SH: 14    Dex: 11    Spells: 10/10 levels left

rFire  . . .     SeeInvis +     q - +1 great mace (protect)
rCold  . . .     Gourm    .     g - +9 chain mail of the Hidden Vale {MR+}
rNeg   . . .     Faith    .     c - +0 shield
rPois  .         Spirit   .     (helmet unavailable)
rElec  .         Reflect  .     p - +0 cloak
rCorr  .         Harm     .     x - +0 pair of gloves
MR     ++...                    y - +0 pair of boots
Stlth  ..........               (no amulet)
                                r - +2 ring of protection
                                s - +2 ring of protection

@: protection aura
A: permanent stasis, dig shafts and tunnels, four strong arms, antennae 3
a: Dig, Heroism, Finesse, Renounce Religion


You were in the Dungeon.
You worshipped Okawaru.
Okawaru was extremely pleased with you.
You were not hungry.

You visited 1 branch You collected 1500 gold pieces.

Inventory:

Hand Weapons
 q - a +1 great mace of protection (weapon)
Armour
 c - a +0 shield (worn)
 g - the +9 chain mail of the Hidden Vale (worn) {MR+}
   (Okawaru gifted it to you in the Dungeon)

   It affects your resistance to hostile enchantments.
 p - a +0 cloak (worn)
 x - a +0 pair of gloves (worn)
 y - a +0 pair of boots (worn)
Jewellery
 r - a +2 ring of protection (right hand)
 s - a +2 ring of protection (left hand)
Wands
 o - a wand of lightning (7/15)
Scrolls
 m - 4 scrolls of remove curse
 n - 2 scrolls of amnesia
 u - a scroll of fear
 v - 2 scrolls of identify
 w - a scroll of recharging
Potions
 a - a potion of cure mutation
 b - a potion of agility
 d - a potion of might
 e - 4 potions of curing
 h - a potion of brilliance
 i - 4 potions of magic
 l - a potion of invisibility
Comestibles
 f - 13 bread rations
 j - 40 fruits
 k - 12 meat rations


   Skills:
 + Level 13.6 Fighting
 + Level 17.6 Maces & Flails
 + Level 8.6 Armour
 + Level 6.8 Dodging
 + Level 15.6 Shields


You had 10 spell levels left.
You didn't know any spells.

Dungeon Overview and Level Annotations

Branches:
Dungeon (1/1)

Altars:
Cheibriados
Dithmenos
Elyvilon
Fedhas
Gozag
Hepliaklqana
Kikubaaqudgha
Makhleb
Nemelex Xobeh
Okawaru
Qazlal
Ru
Sif Muna
Trog
Uskayaw
Vehumet
Xom
Yredelemnul
Zin
The Shining One
Beogh
Jiyva
Lugonu

Shops:
D *[**


Innate Abilities, Weirdness & Mutations

You cannot be hasted, slowed, berserked, paralysed or teleported.
You can dig through walls and to a lower floor.
Your four strong arms can wield two-handed weapons with a shield.
You have a pair of large antennae on your head. (SInv)


Message History

The orc high priest mumbles some strange prayers to Beogh against you.
Beogh smites you!
* * * LOW HITPOINT WARNING * * *
You block the chaos spawn's attack.
You hit the chaos spawn.
The chaos spawn is almost dead.
The orc high priest mumbles some strange prayers to Beogh against you.
Beogh smites you!
* * * LOW HITPOINT WARNING * * *
The chaos spawn gores you.
* * * LOW HITPOINT WARNING * * *
The chaos spawn draws strength from your injuries!
You feel better.
The orc high priest prays to Beogh.
The orc high priest calls down the wrath of Beogh upon you.
Beogh smites you!
* * * LOW HITPOINT WARNING * * *
The orc high priest invokes the aid of Beogh against you.
Beogh smites you!
You die...

▓.▓.▓(▓.▓ {
▓.▓.▓[▓.▓∩▓
{
▓)▓.▓(▓.▓o▓
{
▓.▓.▓)▓.▓o▓
{
▓.▓.▓.▓.▓o▓
{
▓.▓.▓.▓.▓4▓
{
▓[▓.▓.▓.▓o▓
{
▓.▓.▓.▓.▓4▓
{
▓?▓.▓.▓.▓@▓
{
▓|▓.▓.▓.▓.▓
{
▓.▓.▓.▓.▓.▓
{
▓.▓.▓.▓.▓.▓
▓'▓.▓÷▓.▓.▓
▓.▓.▓(▓.▓)▓
▓_▓.▓.▓.▓.▓
▓_▓.▓.▓.▓.▓
▓_▓.▓.▓.▓.▓


You could see 3 orc high priests, an ice devil, a chaos spawn and an orc priest.

Vanquished Creatures
  5 orc high priests (D)
  2 orc knights (D)
  2 spiny frogs (D)
  2 black mambas (D)
  3 komodo dragons (D)
  5 polar bears (D)
  A blink frog (D)
  2 yaks (D)
  2 water moccasins (D)
  A porcupine (D)
  11 orc warriors (D)
  3 black bears (D)
  3 crocodiles (D)
  A big kobold (D)
  4 bullfrogs (D)
  A killer bee (D)
  A wight (D)
  A crimson imp (D)
  4 orc priests (D)
  4 orc wizards (D)
  2 worker ants (D)
  2 adders (D)
  An adder skeleton (D)
  A worm (D)
  8 orcs (D)
  A bat skeleton (D)
  A giant cockroach (D)
  3 hobgoblins (D)
  A ball python zombie (D)
  A jackal skeleton (D)
  2 rats (D)
81 creatures vanquished.

Notes
Turn   | Place    | Note
-------+----------+-------------------------------------------
     0 | D        | Faca the Formicid Fighter began the quest for the Orb.
     0 | D        | Reached XP level 1. HP: 18/18 MP: 1/1
   102 | D        | Reached XP level 2. HP: 24/25 MP: 2/2
   117 | D        | Reached skill level 3 in Maces & Flails
   124 | D        | Reached XP level 3. HP: 12/30 MP: 3/3
   300 | D        | Found a roughly hewn altar of Beogh.
   300 | D        | Found a snail-covered altar of Cheibriados.
   300 | D        | Found a shadowy altar of Dithmenos.
   300 | D        | Found a white marble altar of Elyvilon.
   300 | D        | Found a blossoming altar of Fedhas.
   300 | D        | Found an opulent altar of Gozag.
   301 | D        | Found a hazy altar of Hepliaklqana.
   302 | D        | Found a viscous altar of Jiyva.
   303 | D        | Found an ancient bone altar of Kikubaaqudgha.
   304 | D        | Found a corrupted altar of Lugonu.
   305 | D        | Found a burning altar of Makhleb.
   306 | D        | Found a sparkling altar of Nemelex Xobeh.
   307 | D        | Found an iron altar of Okawaru.
   308 | D        | Found a stormy altar of Qazlal.
   309 | D        | Found a sacrificial altar of Ru.
   310 | D        | Found a deep blue altar of Sif Muna.
   311 | D        | Found a bloodstained altar of Trog.
   312 | D        | Found a hide-covered altar of Uskayaw.
   313 | D        | Found a radiant altar of Vehumet.
   314 | D        | Found a shimmering altar of Xom.
   315 | D        | Became a worshipper of Warmaster Okawaru
   316 | D        | Found a basalt altar of Yredelemnul.
   317 | D        | Found a glowing silver altar of Zin.
   318 | D        | Found a glowing golden altar of the Shining One.
   379 | D        | Noticed a bullfrog
   379 | D        | Noticed a killer bee
   379 | D        | Noticed a big kobold
   388 | D        | Killed a big kobold
   388 | D        | Reached skill level 5 in Fighting
   388 | D        | Reached skill level 5 in Maces & Flails
   388 | D        | Reached skill level 5 in Armour
   388 | D        | Reached skill level 1 in Dodging
   388 | D        | Reached XP level 4. HP: 39/39 MP: 4/4
   394 | D        | Reached skill level 6 in Maces & Flails
   394 | D        | Reached XP level 5. HP: 39/44 MP: 5/5
   403 | D        | Reached skill level 7 in Maces & Flails
   414 | D        | Killed a bullfrog
   414 | D        | Reached skill level 8 in Maces & Flails
   414 | D        | Reached XP level 6. HP: 37/52 MP: 6/6
   651 | D        | Reached * piety under Okawaru
   651 | D        | Reached skill level 9 in Maces & Flails
   662 | D        | Reached XP level 7. HP: 59/59 MP: 7/7
   775 | D        | Noticed a blink frog
   775 | D        | Noticed a komodo dragon
   775 | D        | Noticed a water moccasin
   775 | D        | Noticed a komodo dragon
   775 | D        | Noticed a yak
   781 | D        | Killed a yak
   781 | D        | Reached skill level 10 in Maces & Flails
   788 | D        | Killed a komodo dragon
   788 | D        | Reached ** piety under Okawaru
   788 | D        | Reached skill level 11 in Maces & Flails
   788 | D        | Reached skill level 10 in Shields
   788 | D        | Reached XP level 8. HP: 61/68 MP: 8/8
   790 | D        | Noticed a yak
   807 | D        | Killed a komodo dragon
   807 | D        | Reached skill level 12 in Maces & Flails
   821 | D        | Killed a yak
   821 | D        | Reached *** piety under Okawaru
   821 | D        | Reached skill level 13 in Maces & Flails
   821 | D        | Reached XP level 9. HP: 57/76 MP: 9/9
   838 | D        | Killed a blink frog
   931 | D        | Noticed a spiny frog
   931 | D        | Noticed a komodo dragon
   931 | D        | Noticed a spiny frog
   932 | D        | Noticed a black mamba
   953 | D        | Killed a spiny frog
   953 | D        | Reached skill level 10 in Fighting
   953 | D        | Reached skill level 14 in Maces & Flails
   968 | D        | Killed a komodo dragon
   968 | D        | Reached **** piety under Okawaru
   974 | D        | Killed a spiny frog
   974 | D        | Reached skill level 15 in Maces & Flails
   979 | D        | Killed a black mamba
   979 | D        | Reached XP level 10. HP: 42/86 MP: 10/10
  1210 | D        | Noticed a black mamba
  1214 | D        | Killed a black mamba
  1244 | D        | Reached ***** piety under Okawaru
  1244 | D        | Received a gift from Okawaru
  1244 | D        | Reached skill level 16 in Maces & Flails
  1244 | D        | Reached skill level 5 in Dodging
  1615 | D        | Noticed an orc knight
  1659 | D        | Killed an orc knight
  1659 | D        | Received a gift from Okawaru
  1664 | D        | Reached XP level 11. HP: 90/95 MP: 11/11
  1833 | D        | Noticed an orc knight
  1862 | D        | Killed an orc knight
  1862 | D        | Received a gift from Okawaru
  1957 | D        | Found Tuperuh's General Store.
  1957 | D        | Noticed an orc high priest
  1957 | D        | Noticed an orc high priest
  1957 | D        | Noticed an orc high priest
  1959 | D        | Noticed an orc high priest
  1968 | D        | Killed an orc high priest
  1968 | D        | Reached skill level 17 in Maces & Flails
  1968 | D        | Reached skill level 15 in Shields
  1979 | D        | Noticed a sixfirhy
  2017 | D        | Killed an orc high priest
  2026 | D        | Killed an orc high priest
  2031 | D        | Killed an orc high priest
  2209 | D        | Received a gift from Okawaru
  2210 | D        | Got a steaming chain mail {god gift}
  2222 | D        | Identified the +9 chain mail of the Hidden Vale {MR+} (Okawaru gifted it to you in the Dungeon)
  2251 | D        | Found Reatwey's Assorted Antiques.
  2255 | D        | Found Curgh's Antique Armour Boutique.
  2257 | D        | Noticed an orc high priest
  2258 | D        | Found Konetun's General Store.
  2259 | D        | Noticed an orc high priest
  2261 | D        | Noticed an orc high priest
  2267 | D        | Noticed an orc high priest
  2279 | D        | Killed an orc high priest
  2283 | D        | Killed from afar by an orc high priest

Vault maps used:
D:        linesprint

Skill      XL: |  1  2  3  4  5  6  7  8  9 10 11 |
---------------+----------------------------------+-----
Shields        | 4 6 7 8 10 11 12 13 15 | 15.6
Armour         | 4 5 6 7 8 |  8.6
Fighting       | 4 5 6 8 9 10 12 13 | 13.6
Maces & Flails | 3 5 6 8 9 11 13 15 16 17 | 17.6
Dodging        | 1 2 3 4 5 6 |  6.8

Action                   |  1- 3 |  4- 6 |  7- 9 | 10-12 || total
-------------------------+-------+-------+-------+-------++-------
Melee: Flail             |    48 |       |       |       ||    48
       Morningstar       |     9 |    51 |   108 |   165 ||   333
       Great mace        |       |       |       |    49 ||    49
  Use: Potion            |       |       |       |     6 ||     6
       Scroll            |       |       |       |     1 ||     1
  Eat: Fruit             |       |       |       |     3 ||     3
       Meat ration       |       |       |       |     1 ||     1
Armor: Scale mail        |    14 |       |       |       ||    14
       Ring mail         |     4 |    19 |    18 |    22 ||    63
       Plate armour      |       |       |       |    17 ||    17
       Chain mail        |       |       |       |     4 ||     4
Dodge: Dodged            |    13 |    15 |    19 |    55 ||   102
Block: Shield            |    28 |    31 |    47 |    96 ||   202
